 Dungeon Crawl Stone Soup version 0.30-a0-953-g5f1da4a474 (webtiles) character file.

Game seed: 2058017884863197418

2158 NinjaNoafa the Summoner (level 9, 0/35 HPs)
             Began as a Felid Summoner on Mar 28, 2023.
             Was an Initiate of Gozag.
             Slain by a killer bee (4 damage)
             ... on level 9 of the Dungeon.
             The game lasted 00:16:21 (7728 turns).

NinjaNoafa the Summoner (Felid Summoner)            Turns: 7728, Time: 00:16:22

Health: 0/35       AC:  2    Str:  4    XL:     9   Next: 10%
Magic:  0/23       EV: 17    Int: 21    God:    Gozag
Gold:   1129       SH:  0    Dex: 16    Spells: 10/26 levels left
                                        Lives:  0   Deaths: 2

rFire   . . .      SeeInvis +    (weapon unavailable)
rCold   . . .      Faith    .    (shield unavailable)
rNeg    . . .      Spirit   +    (body armour unavailable)
rPois   .          Reflect  .    (helmet unavailable)
rElec   .          Rampage  .    (cloak unavailable)
rCorr   .                        (gloves unavailable)
Will    ++...                    (boots unavailable)
Stlth   ++                       j - amulet of guardian spirit
HPRegen 0.25/turn                i - ring of wizardry
MPRegen 0.18/turn                q - ring of willpower

@: gold aura, quick
A: very small, claws 1, fangs 3, see invisible, speed 1, shaggy fur 2, stealthy
paws, no weapons or thrown items, no armour, multi-lived
a: Renounce Religion, Potion Petition, Call Merchant, Bribe Branch


You were on level 9 of the Dungeon.
You worshipped Gozag.
Gozag was most pleased with you.
You visited 2 branches of the dungeon, and saw 10 of its levels.

You collected 1178 gold pieces.
You paid 49 gold pieces to Gozag.

Inventory:

Jewellery
 i - a ring of wizardry (left paw)
 j - an amulet of guardian spirit (around neck)
 q - a ring of willpower (right paw)
 E - a ring of willpower
Wands
 l - a wand of iceblast (25)
 o - a wand of mindburst (29)
 x - a wand of flame (13)
 B - a wand of quicksilver (3)
Scrolls
 b - a scroll of vulnerability
 e - a scroll of fog
 f - 2 scrolls of brand weapon {unknown}
 k - a scroll of immolation
 n - a scroll of noise
 p - 3 scrolls of teleportation
 s - 2 scrolls of identify
 u - a scroll of magic mapping {unknown}
 y - a scroll of amnesia {unknown}
 A - 2 scrolls of enchant weapon {unknown}
 C - a scroll of acquirement {unknown}
Potions
 a - a potion of magic
 c - a potion of mutation
 d - 3 potions of attraction
 g - 2 potions of flight
 h - 5 potions of brilliance
 m - a potion of resistance
 t - 3 potions of degeneration {unknown}
 v - a potion of might {unknown}
 w - a potion of haste {unknown}
 z - a potion of heal wounds {unknown}
 D - a potion of cancellation {unknown}


   Skills:
 - Level 1.0 Fighting
 - Level 2.6 Dodging
 - Level 2.6 Stealth
 - Level 9.3 Spellcasting
 + Level 5.2 Hexes
 - Level 10.0 Summonings
 + Level 6.7 Air Magic


You had 10 spell levels left.
You knew the following spells:

 Your Spells              Type           Power      Damage    Failure   Level
a - Summon Small Mammal   Summ           100%       N/A       1%          1
b - Call Imp              Summ           51%        N/A       1%          2
c - Call Canine Familiar  Summ           51%        N/A       1%          3
d - Summon Guardian Gole  Hex/Summ       41%        N/A       1%          3
e - Summon Lightning Spi  Summ/Air       45%        N/A       1%          4
f - Tukima's Dance        Hex            31%        N/A       1%          3

Your spell library contained the following spells:

 Spells                   Type           Power      Damage    Failure   Level
 Beastly Appendage        Tmut           18%        N/A       2%          1
 Wereblood                Tmut           9%         N/A       4%          2
 Spider Form              Tmut/Pois      9%         N/A       9%          3
 Olgreb's Toxic Radiance  Pois           9%         N/A       26%         4
 Passage of Golubria      Tloc           9%         N/A       26%         4
 Yara's Violent Unravell  Hex/Tmut       10%        3d6       26%         5
 Ozocubu's Refrigeration  Ice            4%         4d8       100%        7
 Ignition                 Fire           4%         3d4       100%        8


Dungeon Overview and Level Annotations

Branches:
Dungeon (9/15)             Temple (1/1) D:4
   Lair: D:8-11         Orc: D:9-12

Altars:
Cheibriados
Dithmenos
Elyvilon
Fedhas
Gozag
Hepliaklqana
Kikubaaqudgha
Makhleb
Nemelex Xobeh
Okawaru
Qazlal
Sif Muna
Trog
Wu Jian
Xom
Yredelemnul
Zin
The Shining One

Shops:
D:7 ([


Innate Abilities, Weirdness & Mutations

You have sharp claws.
You have razor-sharp teeth.
You have supernaturally acute eyesight. (SInv)
You cover ground quickly. (Speed+)
You are covered in thick fur. (AC +2)
Your paws help you pounce on unaware monsters.
You are incapable of wielding weapons or throwing items.
You cannot wear armour.
You gain extra lives every three experience levels.


Message History

Press: ? - help, Shift-Dir - straight line, f - orc warrior
Aim: an orc warrior, wielding a +0 halberd and wearing a +0 chain mail (ally target, chance to affect: 60%)
The +0 halberd dances into the air!
The orc warrior barely misses your warg.
Your warg closely misses the orc warrior.
The orc warrior hits your warg!
Your warg barely misses the orc warrior.
The orc warrior hits your warg.
Your warg bites the orc warrior!
Your +0 halberd hits the orc warrior from afar!
Your warg closely misses the orc warrior.
The orc hits your warg with a +0 flail!
The orc warrior closely misses your warg.
Your warg bites the orc warrior.
Your +0 halberd barely misses the orc warrior.
The orc hits your warg with a +0 flail.
Your warg dies!
Your warg's corpse disappears in a puff of smoke!
Your lightning spire shoots out a bolt of lightning at the orc warrior!
The bolt of electricity hits your +0 halberd.
Your +0 halberd completely resists.
The bolt of electricity hits the orc warrior!
The orc warrior dies!
The bolt of electricity misses the orc.
Your lightning spire shoots out a bolt of lightning at the orc!
The bolt of electricity hits the orc!
The orc dies!
The bolt of electricity hits the orc!
The orc dies!
The killer bee is distracted by your dazzling golden aura.
Your +0 halberd hits the acid dragon from afar.
The killer bee buzzes angrily.
Your +0 halberd falls from the air.
The killer bee is no longer distracted by gold.
The acid dragon spits acid at you. The splash of acid hits you!!
Ouch! That really hurt!
* * * LOW HITPOINT WARNING * * *
The killer bee stings you.
You die...
Your body crumbles into a pile of gold.

##### #.### ..
.>.###$.. .#
#.#.#D####.####
#............)
##)...)8##..#
#........<..#
#######......##.##
...........y.# .#
[.........@..# .#
#########.#### .#
#.# .# #.# .# #.#
.# #.. ###


You could see an acid dragon (catching breath), a killer bee (ally target) and a
friendly lightning spire (summoned).

Vanquished Creatures
  A water moccasin (D:5)
  A killer bee (D:8)
  An electric eel (D:8)
  An adder (D:5)
  A ball python (Temple)
  A bat (D:1)
6 creatures vanquished.

Vanquished Creatures (collateral kills)
  Joseph (D:8)
  Sigmund (D:3)
  5 yaks (D:8)
  2 wyverns
  A steam dragon (D:7)
  2 water moccasins
  5 orc warriors
  A sky beast (D:7)
  4 ice beasts
  4 centaurs
  A kobold brigand (D:6)
  4 bullfrogs
  5 scorpions
  A wight (D:8)
  3 hounds
  2 jellies (D:7)
  An orc priest (D:8)
  An iguana (D:5)
  Natasha (thrice) (D:2)
  4 orc wizards
  A gnoll (D:3)
  9 adders
  A white imp (D:8)
  A worm (D:2)
  A dart slug (D:1)
  15 orcs
  6 ball pythons
  8 bats
  8 endoplasms
  3 giant cockroaches
  2 goblins
  8 hobgoblins
  4 jackals (D:3)
  2 quokkas
  A frilled lizard (D:1)
  12 kobolds
  5 rats
138 creatures vanquished.

Vanquished Creatures (others)
  A gargoyle (D:5)
  A hornet (D:8)
  Grinder (D:6)
  A yak (D:8)
  Menkaure (D:5)
  2 black bears (D:5)
  A centaur (D:8)
  A killer bee (D:8)
  A sleepcap (D:5)
  3 gnolls (D:3)
  An orc (D:5)
14 creatures vanquished.

Grand Total: 158 creatures vanquished

Notes
Turn   | Place    | Note
-------+----------+-------------------------------------------
     0 | D:1      | NinjaNoafa the Felid Summoner began the quest for the Orb.
     0 | D:1      | Reached XP level 1. HP: 7/7 MP: 4/4
    26 | D:1      | Found a faded altar of an unknown god.
   164 | D:1      | Reached XP level 2. HP: 11/11 MP: 3/6
   167 | D:1      | Learned a level 2 spell: Call Imp
   954 | D:1      | Reached XP level 3. HP: 14/14 MP: 2/8
   958 | D:1      | Learned a level 3 spell: Call Canine Familiar
  1308 | D:2      | Noticed Natasha
  1319 | D:2      | Killed Natasha
  1320 | D:2      | Reached XP level 4. HP: 18/18 MP: 4/9
  1340 | D:2      | Noticed Natasha
  1352 | D:2      | Killed Natasha
  1353 | D:2      | Reached skill level 5 in Summonings
  1370 | D:2      | Noticed Natasha
  1379 | D:2      | Killed Natasha
  1813 | D:3      | Noticed Sigmund
  2013 | D:3      | Killed Sigmund
  2014 | D:3      | Reached XP level 5. HP: 21/21 MP: 6/12
  2014 | D:3      | Gained mutation: You are covered in thick fur. (AC +2)
                  | [Felid growth]
  2014 | D:3      | Reached XP level 6. HP: 24/24 MP: 6/13
  2061 | D:3      | Reached skill level 6 in Summonings
  2197 | D:3      | Learned a level 3 spell: Summon Guardian Golem
  2393 | D:3      | Reached skill level 1 in Hexes
  2997 | D:4      | Found a staircase to the Ecumenical Temple.
  3046 | Temple   | Entered the Ecumenical Temple
  3056 | Temple   | Became a worshipper of Gozag Ym Sagoz the Greedy
  3447 | D:5      | Entered Level 5 of the Dungeon
  3489 | D:5      | Reached XP level 7. HP: 27/27 MP: 8/15
  3522 | D:5      | Noticed Menkaure
  3542 | D:5      | Killed Menkaure
  3543 | D:5      | Reached skill level 5 in Spellcasting
  3962 | D:5      | Reached skill level 7 in Summonings
  4087 | D:5      | Reached skill level 5 in Hexes
  4181 | D:5      | Reached XP level 8. HP: 31/31 MP: 13/17
  4312 | D:5      | Noticed a gargoyle
  4339 | D:5      | Killed a gargoyle
  4480 | D:5      | Reached skill level 8 in Summonings
  4528 | D:5      | Reached skill level 1 in Air Magic
  4758 | D:6      | Noticed Grinder
  4904 | D:6      | Killed Grinder
  5117 | D:6      | Reached XP level 9. HP: 28/34 MP: 9/20
  5195 | D:5      | Learned a level 4 spell: Summon Lightning Spire
  5490 | D:6      | Reached skill level 9 in Summonings
  5734 | D:7      | Found Vahexzoe's Armour Boutique.
  5788 | D:7      | Found Iwus's Weapon Boutique.
  6392 | D:8      | Reached skill level 5 in Air Magic
  6468 | D:8      | Noticed Joseph
  6482 | D:8      | Shot with a sling bullet by Joseph
  6483 | D:8      | Reached XP level 8. HP: -1/31 MP: 0/21
  6564 | D:8      | Reached XP level 9. HP: 16/34 MP: 1/22
  6602 | D:8      | Killed Joseph
  6603 | D:8      | Reached skill level 10 in Summonings
  6680 | D:8      | Found a blossoming altar of Fedhas.
  7512 | D:8      | HP: 1/34 [poisoned by a killer bee]
  7513 | D:8      | Succumbed to a killer bee's poison
  7514 | D:8      | Reached XP level 8. HP: -1/31 MP: 0/22
  7551 | D:8      | Reached skill level 1 in Fighting
  7634 | D:8      | Learned a level 3 spell: Tukima's Dance
  7695 | D:9      | Reached XP level 9. HP: 26/35 MP: 5/23
  7728 | D:9      | Slain by a killer bee

Illustrated notes

Levels and vault maps discovered:
D:1:      amcnicky_arrival_double_pillar, layout_loops_ring,
          hellmonk_ecumenical_altar_run_dry, nicolae_hexahallways,
          grunt_decor_mini_mirrors, minmay_misc_feat_nine_boxes
D:2:      layout_basic, uniq_natasha
D:3:      layout_basic, uniq_sigmund
D:4:      layout_rooms, temple_pool_b
D:5:      layout_loops_ring, minmay_manual_maat, uniq_menkaure
D:6:      layout_basic, kennysheep_generic_room_10, uniq_grinder
D:7:      layout_cave_pools, serial_shops, nicolae_shop_trees,
          minmay_shop_grid_forest, minmay_misc_feat_cross,
          minmay_strange_pillars
D:8:      layout_basic, mainiacjoe_overflow_alcove_4, minmay_misc_feat_iff,
          kennysheep_dice, uniq_joseph
D:9:      layout_loops_ring, gammafunk_ghost_berserking_beasts
Temple:   nicolae_temple_bog_church

Skill      XL: |  1  2  3  4  5  6  7  8  9 |
---------------+----------------------------+-----
Spellcasting   | 3 4 5 7 9 |  9.3
Summonings     | 5 6 7 8 10 | 10.0
Hexes          | 3 5 |  5.2
Air Magic      | 2 6 |  6.7
Fighting       | 1 |  1.0
Dodging        | |  2.6
Stealth        | |  2.6

Action                     |  1- 3 |  4- 6 |  7- 9 || total
---------------------------+-------+-------+-------++-------
  Melee: Unarmed           |     2 |     7 |    11 ||    20
         Bite              |       |     1 |     1 ||     2
         Punch             |       |       |     2 ||     2
   Cast: Summon Small Mamm |    37 |    13 |    27 ||    77
         Call Imp          |    13 |     7 |    16 ||    36
         Call Canine Famil |     4 |    26 |    36 ||    66
         Summon Guardian G |       |     4 |    32 ||    36
         Summon Lightning  |       |       |    29 ||    29
         Tukima's Dance    |       |       |     2 ||     2
  Evoke: Wand              |       |       |     5 ||     5
    Use: Scroll            |       |    10 |     3 ||    13
         Potion            |       |       |     4 ||     4
   Stab: Distracted        |       |       |     1 ||     1
 Armour: Skin              |     2 |     1 |    18 ||    21
  Dodge: Dodged            |    47 |    34 |   101 ||   182

Table legend: (Time is in decaauts)
 A = Elapsed time spent in this place.
 B = Non-inter-level travel time spent in this place.
 C = Inter-level travel time spent in this place.
 D = Time resting spent in this place.
 E = Time spent auto-exploring this place.
 F = Levels seen in this place.
 G = Mean time per level.
                   A        B        C        D        E       F      G
               +--------+--------+--------+--------+--------+-----+--------+
         Total |   6553 |   6014 |    539 |     69 |   3657 |  10 |  655.3 |
       Dungeon |   6381 |   5853 |    528 |     69 |   3515 |   9 |  709.0 |
        Temple |    172 |    161 |     11 |      0 |    142 |   1 |  172.0 |
               +--------+--------+--------+--------+--------+-----+--------+

Top non-repeatable levels by time:
     D:8: 1107 daAuts
     D:5: 1055 daAuts
     D:3: 869 daAuts
     D:1: 863 daAuts
     D:6: 785 daAuts
     D:2: 669 daAuts
     D:7: 568 daAuts
     D:4: 400 daAuts
  Temple: 172 daAuts
     D:9: 62 daAuts
